 Dungeon Crawl Stone Soup version 0.24-a0-170-gd8427f5 (webtiles) character file.

Game seed: 2379474530920543909

11753 tilp the Zephyrmancer (level 11, 0/76 HPs)
             Began as a Tengu Air Elementalist on Mar 11, 2019.
             Was a Believer of Dithmenos.
             Slain by an ice devil (10 damage)
             ... on level 3 of the Lair of Beasts.
             The game lasted 00:59:03 (16551 turns).

tilp the Zephyrmancer (Tengu Air Elementalist)     Turns: 16551, Time: 00:59:03

Health: 0/76       AC:  6    Str:  5    XL:     11   Next: 82%
Magic:  16/30      EV: 18    Int: 18    God:    Dithmenos [**....]
Gold:   457        SH:  0    Dex: 16    Spells: 7/22 levels left

rFire    . . .     SeeInvis .   a - +3 hand axe
rCold    . . .     Gourm    .   (no shield)
rNeg     . . .     Faith    .   M - +0 leather armour of Hixauf {Str-3 Slay+6}
rPois    .         Spirit   .   (helmet restricted)
rElec    .         Reflect  .   (no cloak)
rCorr    .         Harm     .   u - +2 pair of gloves
MR       .....                  (boots unavailable)
Stlth    ++++......             (no amulet)
HPRegen  0.22/turn              k - ring of magical power
MPRegen  0.22/turn              S - ring of stealth

@: flying quickly and evasively, very slightly contaminated, wreathed by umbra,
quick
A: beak, talons 3, able to fly
a: Stop Flying, Shadow Step, Renounce Religion


You were on level 3 of the Lair of Beasts.
You worshipped Dithmenos.
Dithmenos was pleased with you.
You were not hungry.

You visited 2 branches of the dungeon, and saw 14 of its levels.

You collected 715 gold pieces.
You spent 258 gold pieces at shops.

Inventory:

Hand Weapons
 a - a +3 hand axe (weapon)
 d - a +3 short sword
 t - a +0 trident
 y - a +0 war axe
 B - a +1 dagger of freezing
 C - a +0 broad axe
 D - a +1 mace of venom
 F - a +0 rapier
Missiles
 i - 434 stones
 q - 8 javelins of returning (quivered)
 v - 5 steel tomahawks
 P - 8 tomahawks
Armour
 r - a +1 robe
 u - a +2 pair of gloves (worn)
 M - the +0 leather armour of Hixauf (worn) {Str-3 Slay+6}
   (You found it on level 9 of the Dungeon)

   It affects your strength (-3).
   It affects your accuracy and damage with ranged weapons and melee attacks
   (+6).
Jewellery
 k - a ring of magical power (left hand)
 S - a ring of stealth (right hand)
Wands
 e - a wand of iceblast (15)
 I - a wand of paralysis (9)
 N - a wand of enslavement (3)
Scrolls
 b - a scroll of torment {unknown}
 h - 5 scrolls of remove curse
 j - 5 scrolls of enchant armour
 n - 3 scrolls of fog
 w - 6 scrolls of identify
 x - 2 scrolls of amnesia
 z - a scroll of fear
 A - 4 scrolls of vulnerability
 J - a scroll of noise {unknown}
 K - a scroll of teleportation
 O - a scroll of immolation
 R - a scroll of enchant weapon {unknown}
Potions
 f - a potion of brilliance
 g - 2 potions of cancellation
 l - 4 potions of resistance
 m - 5 potions of heal wounds
 o - 7 potions of might
 p - a potion of haste
 s - 3 potions of lignification
 E - 4 potions of curing
 G - a potion of berserk rage
 H - a potion of mutation
 L - a potion of agility {unknown}
Comestibles
 c - 15 rations
 U - 2 chunks of flesh


   Skills:
 - Level 12.0 Fighting
 - Level 6.4 Dodging
 - Level 2.0 Stealth
 - Level 6.1 Spellcasting
 - Level 6.1 Conjurations
 + Level 3.8 Charms
 - Level 12.0 Air Magic


You had 7 spell levels left.
You knew the following spells:

 Your Spells              Type           Power        Failure   Level  Hunger
a - Shock                 Conj/Air       ####         1%          1    None
b - Swiftness             Chrm/Air       ####....     1%          2    None
c - Static Discharge      Conj/Air       #####...     1%          3    ##.....
d - Airstrike             Air            #####.....   1%          4    ####...
e - Lightning Bolt        Conj/Air       #####.....   13%         5    #####..

Your spell library contained the following spells:

 Spells                   Type           Power        Failure   Level  Hunger
 Infusion                 Chrm           ###.         4%          1    None
 Song of Slaying          Chrm           ###.....     6%          2    None
 Shroud of Golubria       Chrm/Tloc      ##........   14%         2    None
 Regeneration             Chrm/Necr      ##........   26%         3    ##.....
 Spectral Weapon          Hex/Chrm       ##......     26%         3    ##.....


Dungeon Overview and Level Annotations

Branches:
Dungeon (11/15)            Temple (0/1) D:7            Lair (3/6) D:9
  Swamp (0/4) Lair:3
  Snake: Lair:2-4    Spider: Lair:2-4       Orc: D:9-12

Altars:
Dithmenos
Elyvilon
Makhleb
Ru
Uskayaw
Wu Jian
Xom
Yredelemnul

Shops:
D:7 }   D:8 *}*   D:10 *(*=

Annotations:
D:11 exclusion: ugly thing


Innate Abilities, Weirdness & Mutations

You have a beak for a mouth.
You have claws for feet.
You can fly continuously.


Message History

You hit the ice devil. Your peck misses the ice devil.
The ice devil is heavily wounded.
You hit the ice devil. The ice devil hits you! The ice devil freezes you!!
The ice devil completely misses you.
You closely miss the ice devil.
You peck the ice devil, but do no damage.
The ice devil is heavily wounded.
You completely miss the ice devil. The ice devil misses you.
The ice devil hits you but does no damage.
You hit the ice devil but do no damage. You claw the ice devil.
Your peck misses the ice devil.
The ice devil is heavily wounded.
You hit the ice devil but do no damage. The ice devil hits you!
The ice devil freezes you! The ice devil hits you. The ice devil freezes you!
* * * LOW HITPOINT WARNING * * *
Unknown command.
You slash the ice devil!
The ice devil is severely wounded.
You barely miss the ice devil. The ice devil hits you!
You die...

.P..P##.###...###**,,,≈≈≈,,,,,,,,
................####...§,,,,,*,*,
.................#.#....,,,,,,*,,
).......................,,,,,,,,,
........................,,,,,,,,,
.................#......,,,,,,,,,
................#.....,**,,,,,,,,
................#..#*,***,,,,*,,*
##.####.#...####@4.#***,,,,,,,***
###.# ###..## #4#+# *,*,,,,,,*,,
# *## *....P#* #..,* ***,,,,,,*,,
##.....# ##.#* ***,,,,,,*,,
##....#***.#***,*,,,,,,,,*
**#..#.#*,,..,**,*,,,,,,,,,
****,.....#*,,..,**,,,,,,,*,,,
****,,,*,,,*,**,,...**,,,,,,,,,,,
*,,,,,,,,,,,,**,,∩,,**,*,,,,,,,,,


You could see 2 ice devils.

Vanquished Creatures
  A hydra (Lair:1)
  2 two-headed ogres (D:10)
  The ghost of Duffy the Cleaver, a novice NaGl (D:5)
  2 spiny frogs (Lair:1)
  2 komodo dragons
  5 blink frogs (Lair:1)
  2 hippogriffs
  2 hogs (D:7)
  2 wyverns
  7 yaks
  A hungry ghost (D:11)
  A basilisk (Lair:2)
  A human (D:7)
  2 water moccasins (Lair:2)
  4 orc warriors
  2 porcupines
  2 sky beasts
  2 black bears
  3 ice beasts
  A necrophage (D:9)
  3 phantoms
  An eye of draining (D:10)
  3 centaurs
  3 crocodiles
  An ogre (D:11)
  7 bullfrogs
  A wyvern zombie (D:9)
  2 wyvern skeletons
  4 scorpions
  6 killer bees
  4 crimson imps
  2 bullfrog zombies (D:7)
  A howler monkey (D:5)
  A quasit (D:8)
  4 hounds
  2 jellies
  5 orc priests
  A centaur skeleton (D:6)
  12 orc wizards
  2 bullfrog skeletons
  3 iguanas
  9 worker ants
  A worker ant zombie (D:10)
  13 adders
  4 shadow imps
  An adder skeleton (D:4)
  An adder zombie (D:3)
  2 worms
  2 dart slugs (D:1)
  4 leopard geckos
  39 orcs
  A ball python (D:5)
  5 giant cockroaches
  10 goblins
  7 hobgoblins
  22 jackals
  5 kobolds
  2 quokkas
  6 bats
  6 frilled lizards
  A quokka zombie (D:7)
  8 rats
262 creatures vanquished.

Vanquished Creatures (others)
  A centaur zombie (D:7)
  A worker ant (D:7)
  An adder (D:7)
  A jackal (D:7)
  A quokka (D:7)
  2 fungi (Lair:2)
  3 plants
10 creatures vanquished.

Grand Total: 272 creatures vanquished

Notes
Turn   | Place    | Note
-------+----------+-------------------------------------------
     0 | D:1      | tilp the Tengu Air Elementalist began the quest for the
                  | Orb.
     0 | D:1      | Reached XP level 1. HP: 10/10 MP: 4/4
    85 | D:1      | Reached XP level 2. HP: 14/15 MP: 1/6
   266 | D:1      | Reached skill level 5 in Air Magic
   460 | D:1      | Learned a level 2 spell: Swiftness
   714 | D:1      | Reached XP level 3. HP: 18/19 MP: 5/7
  1071 | D:1      | Learned a level 3 spell: Static Discharge
  1475 | D:2      | Reached XP level 4. HP: 24/24 MP: 2/8
  2443 | D:2      | Gained mutation: You can fly continuously. [Tengu growth]
  2443 | D:2      | Reached XP level 5. HP: 28/28 MP: 7/9
  3562 | D:3      | Reached XP level 6. HP: 15/32 MP: 10/10
  3889 | D:3      | Reached skill level 1 in Fighting
  3981 | D:4      | Found a shadowy altar of Dithmenos.
  4069 | D:4      | Became a worshipper of Dithmenos the Shadowed
  4356 | D:4      | Found a hide-covered altar of Uskayaw.
  4817 | D:5      | Entered Level 5 of the Dungeon
  4822 | D:5      | Reached XP level 7. HP: 41/41 MP: 11/11
  5312 | D:5      | Found a runed translucent gate.
  5312 | D:5      | Found a runed translucent gate.
  5312 | D:5      | Found a runed translucent gate.
  5313 | D:5      | Noticed Duffy's ghost (novice NaGl)
  5813 | D:6      | Reached skill level 10 in Air Magic
  5813 | D:6      | Reached XP level 8. HP: 35/48 MP: 12/12
  6066 | D:6      | Found a burning altar of Makhleb.
  6351 | D:6      | Learned a level 4 spell: Airstrike
  6389 | D:6      | Reached * piety under Dithmenos
  6866 | D:6      | Reached skill level 5 in Fighting
  7706 | D:7      | Found a white marble altar of Elyvilon.
  7757 | D:7      | Found a basalt altar of Yredelemnul.
  7806 | D:7      | Reached XP level 9. HP: 55/55 MP: 6/13
  8327 | D:7      | Found Irathiag's Gadget Emporium.
  8407 | D:7      | Reached skill level 5 in Conjurations
  8993 | D:7      | Found a staircase to the Ecumenical Temple.
  9086 | D:7      | Found a shimmering altar of Xom.
  9526 | D:8      | Found Fezips's General Store.
  9865 | D:8      | Found Pebb's Assorted Antiques.
  9879 | D:8      | Bought a pair of runed gloves for 180 gold pieces
 10084 | D:8      | Found Dicaliej's Gadget Boutique.
 10125 | D:8      | Reached XP level 10. HP: 65/65 MP: 14/14
 10125 | D:8      | Reached ** piety under Dithmenos
 10552 | D:9      | Found a staircase to the Lair.
 10661 | D:9      | Found a sacrificial altar of Ru.
 10661 | D:9      | Found an ornate altar of the Wu Jian Council.
 10742 | D:9      | Reached skill level 10 in Fighting
 10874 | D:9      | Got a faintly humming leather armour
 10875 | D:9      | Identified the cursed +0 leather armour of Hixauf {Str-3
                  | Slay+6} (You found it on level 9 of the Dungeon)
 11071 | D:10     | Entered Level 10 of the Dungeon
 11071 | D:10     | Found Ican's Assorted Antiques.
 11075 | D:10     | Bought 3 scrolls labeled UDOLAMOOMESEF for 78 gold pieces
 11148 | D:10     | Noticed a two-headed ogre
 11189 | D:10     | Reached skill level 1 in Charms
 11259 | D:10     | Found Urofu's Jewellery Shoppe.
 11400 | D:10     | Found Fafuraumn's Assorted Antiques.
 11420 | D:10     | Found a hide-covered altar of Uskayaw.
 11566 | D:10     | Noticed a two-headed ogre
 11586 | D:10     | Killed a two-headed ogre
 11955 | D:10     | Found Vieg's Antique Weapon Emporium.
 12160 | D:10     | Killed a two-headed ogre
 12381 | D:11     | Noticed a gargoyle
 12569 | D:11     | Noticed a white ugly thing
 12635 | D:10     | Reached *** piety under Dithmenos
 12635 | D:10     | Reached skill level 5 in Spellcasting
 12684 | D:11     | Noticed a cyclops
 12691 | D:11     | Reached XP level 11. HP: 72/72 MP: 13/19
 13033 | D:5      | Killed Duffy's ghost
 13177 | Lair:1   | Entered Level 1 of the Lair of Beasts
 13822 | Lair:1   | Noticed a seven-headed hydra
 13833 | Lair:1   | Killed a seven-headed hydra
 14795 | Lair:1   | Learned a level 5 spell: Lightning Bolt
 15957 | Lair:2   | Noticed a six-headed hydra
 16551 | Lair:3   | Slain by an ice devil

Levels and vault maps discovered:
D:1:      lemuel_arrival_funnel, layout_rooms, grunt_decor_mini_mirrors,
          minivault_11, minmay_misc_feat_hallway
D:2:      layout_basic, first_ration
D:3:      layout_basic
D:4:      layout_layer_cave, kennysheep_mini, grunt_dithmenos_smoke
D:5:      layout_gridville, ebering_ghost_rock_garden,
          hangedman_abyss_or_decor_stagger
D:6:      layout_basic, nicolae_overflow_crystal_walls, uniq_eustachio
D:7:      layout_loops_cross, kennysheep_ying_yang,
          minmay_temple_entry_poolview, serial_shops, nicolae_shop_behind_doors,
          grunt_livestock, xom_confusion_cloud
D:8:      layout_rooms, serial_shops, kennysheep_little_box,
          nicolae_shop_statue_plus, nicolae_shop_trees
D:9:      layout_rooms, gammafunk_temple_overflow_pools, lair_entry_dummy
D:10:     layout_irregular_city, basic_altar, serial_shops, shop_fountains,
          nicolae_shop_waterfront, shop_statue, shop,
          nicolae_straight_to_the_point
D:11:     cheibrodos_fzero, layout_irregular_city, serial_shops, shop,
          grunt_ministairs_10
Lair:1:   layout_roguey, lemuel_fruit_tree
Lair:2:   layout_loops_ring, serial_bayou_pond_b, grunt_megastairs_4
Lair:3:   layout_gridlike, skrybe_swamp_entry_bodies,
          portal_ice_cave_demonic_guard

Skill      XL: |  1  2  3  4  5  6  7  8  9 10 11 |
---------------+----------------------------------+-----
Air Magic      | 5 6 7 8 10 11 12 | 12.0
Conjurations   | 2 3 4 6 |  6.1
Fighting       | 3 4 6 8 10 12 | 12.0
Dodging        | 4 6 |  6.4
Charms         | 2 3 |  3.8
Spellcasting   | 5 6 |  6.1
Stealth        | |  2.0

Action                   |  1- 3 |  4- 6 |  7- 9 | 10-12 || total
-------------------------+-------+-------+-------+-------++-------
Melee: Spear             |    11 |    51 |       |       ||    62
       Kick              |     1 |    10 |    43 |    27 ||    81
       Peck              |     1 |     6 |    24 |    17 ||    48
       Hand axe          |       |     1 |   199 |   142 ||   342
Throw: Javelin           |       |     3 |       |       ||     3
 Cast: Shock             |    49 |   102 |   105 |    60 ||   316
       Swiftness         |       |     1 |     2 |       ||     3
       Airstrike         |       |       |    39 |   102 ||   141
       Static Discharge  |       |       |       |     3 ||     3
Invok: Shadow Step       |       |       |       |     2 ||     2
 Abil: Fly               |       |     1 |       |       ||     1
Evoke: Wand              |       |       |     3 |     1 ||     4
  Use: Scroll            |       |     9 |     5 |    10 ||    24
       Potion            |       |     1 |     2 |     1 ||     4
 Stab: Sleeping          |       |     3 |     1 |     4 ||     8
       Distracted        |       |       |     1 |     3 ||     4
  Eat: Chunk             |     2 |    13 |    16 |    20 ||    51
       Ration            |       |       |     3 |     5 ||     8
Armor: Robe              |     5 |    10 |    30 |     4 ||    49
       Skin              |       |    10 |       |       ||    10
       Leather armour    |       |       |       |    29 ||    29
Dodge: Dodged            |    23 |    34 |   263 |   210 ||   530

Table legend:
 A = Non-vault XP
 B = Vault XP
 C = Vault XP percentage of total XP
 D = Non-vault monster count
 E = Vault monster count
 F = Vault count percentage of total count
                 A         B        C        D         E       F
            +---------+---------+-------+---------+---------+-------
      Total |   13992 |    2799 |  16.7 |     245 |      17 |   6.5
            +---------+---------+-------+---------+---------+-------
        D:1 |      41 |       0 |   0.0 |      22 |       0 |   0.0
        D:2 |     148 |       0 |   0.0 |      30 |       0 |   0.0
        D:3 |     235 |       0 |   0.0 |      24 |       0 |   0.0
        D:4 |     150 |       0 |   0.0 |       8 |       0 |   0.0
        D:5 |     597 |     643 |  51.9 |      24 |       1 |   4.0
        D:6 |     979 |       0 |   0.0 |      37 |       0 |   0.0
        D:7 |     325 |    1219 |  79.0 |      10 |       7 |  41.2
        D:8 |    1171 |       0 |   0.0 |      20 |       0 |   0.0
        D:9 |     990 |       0 |   0.0 |      11 |       0 |   0.0
       D:10 |    2740 |     133 |   4.6 |      28 |       1 |   3.4
       D:11 |     348 |     307 |  46.9 |       5 |       4 |  44.4
     Lair:1 |    3760 |       0 |   0.0 |      12 |       0 |   0.0
     Lair:2 |    2397 |     497 |  17.2 |      13 |       4 |  23.5
     Lair:3 |     111 |       0 |   0.0 |       1 |       0 |   0.0
            +---------+---------+-------+---------+---------+-------
